 Dungeon Crawl Stone Soup version 0.31-a0-700-gf13585253f (webtiles) character file.

Game seed: 13737270645215821053

122 LeprechaunX the Changeling (level 5, -7/34 HPs)
             Began as an Octopode Shapeshifter on Sept 7, 2023.
             Mangled by an orc
             ... wielding a +0 flail
              (8 damage)
             ... on level 3 of the Dungeon.
             The game lasted 00:02:15 (1875 turns).

LeprechaunX the Changeling (Octopode Shapeshifter)  Turns: 1875, Time: 00:02:15

Health: -7/34      AC:  1    Str: 15    XL:     5   Next: 6%
Magic:  5/5        EV: 13    Int: 14    God:
Gold:   88         SH:  0    Dex: 14    Spells: 4/4 levels left

rFire   . . .        m - +8 long sword of Paper {heavy, rC+ Int+2 Dex+2}
rCold   + . .        (no shield)
rNeg    . . .        (helmet currently unavailable)
rPois   .            (no amulet)
rElec   .            (no ring)
rCorr   .            (no ring)
SInv    .            (no ring)
Will    .....        (no ring)
Stlth   ++           (no ring)
HPRegen 0.25/turn    (no ring)
MPRegen 0.09/turn    (no ring)
                     (no ring)

%: no passive effects
@: beast-form
A: beast (slay +2), almost no armour, amphibious, 8 rings, camouflage 1,
gelatinous body 1, (nimble swimmer 1), tentacles
a: Begin Untransformation


You were on level 3 of the Dungeon.
You were a hulking beast.
You visited 1 branch of the dungeon, and saw 3 of its levels.

You collected 88 gold pieces.

Inventory:

Hand Weapons
 m - the +8 long sword of Paper (weapon) {heavy, rC+ Int+2 Dex+2}
   (You found it on level 2 of the Dungeon)

   Int+2:     It affects your intelligence (+2).
   Dex+2:     It affects your dexterity (+2).
   rC+:       It protects you from cold.
Missiles
 i - 6 boomerangs
 l - 2 throwing nets
Jewellery
 h - a ring of fire
Talismans
 b - a beast talisman (active)
 c - a flux talisman
 n - a granite talisman
Scrolls
 e - a scroll of amnesia {unknown}
 f - a scroll of fear {unknown}
 j - 2 scrolls of identify {unknown}
 k - a scroll of fog {unknown}
Potions
 a - a potion of lignification
 d - a potion of curing
 g - a potion of mutation {unknown}


   Skills:
 + Level 2.1 Fighting
 + Level 0.4 Long Blades
 + Level 2.7 Dodging
 + Level 3.6 Unarmed Combat
 * Level 4.0 Shapeshifting


You had 4 spell levels left.
You didn't know any spells.
Your spell library was empty.

Dungeon Overview and Level Annotations

Branches:
Dungeon (3/15)

Altars:


Innate Abilities, Weirdness & Mutations

You are a hulking beast.
Your limbs bulge with bestial killing power. (Slay +2)
You cannot wear most types of armour.
You are amphibious.
You can wear up to eight rings at the same time.
Your skin changes colour to match your surroundings (Stealth+).
Your rubbery body absorbs attacks. (AC +1, EV +1)
((You are camouflaged when in or above water. (Stealth+)))
You have tentacles for arms and can constrict up to eight enemies at once.


Message History

You kill the goblin!
An orc priest comes into view. It is wielding a +0 short sword.
An orc comes into view. It is wielding a +0 trident.
An orc comes into view. It is wielding a +0 club.
The orc priest moves out of view.
The orc shouts!
You hear a shout!
The orc shouts!
You hear a shout!
An adder comes into view.
The worm barely misses you.
An orc comes into view. It is wielding a +0 flail.
The ball python attacks as it pursues you!
The ball python barely misses you. The ball python grabs you.
The ball python constricts you.
You closely miss the ball python. Your grab misses the ball python.
Your squeeze misses the ball python. The ball python bites you.
The ball python constricts you.
The ball python bites you but does no damage.
The ball python constricts you. The ball python completely misses you.
The ball python constricts you.
You slice the ball python!!
You kill the ball python!
The orc hits you from afar with a +0 trident.
The endoplasm closely misses you.
The orc hits you from afar with a +0 trident.
The adder hisses angrily.
The orc priest shouts!
You slice the endoplasm!!
You kill the endoplasm!
An orc comes into view. It is wielding a +0 dagger.
The orc hits you from afar with a +0 trident.
The orc barely misses you.
You slice the orc!!
You kill the orc!
The orc closely misses you. The orc hits you with a +0 flail.
The orc hits you from afar with a +0 trident!
* * * LOW HITPOINT WARNING * * *
The orc misses you.
You barely miss the orc. You grab the orc. You constrict the orc.
The orc hits you from afar with a +0 trident.
* * * LOW HITPOINT WARNING * * *
The orc hits you with a +0 flail!
You die...

.. ...... ...######
..... S.......# ....
.#...>..# ...
#..[$....# ..#
.........# ..#
...#....o##..##
#......Swoh...#
...#....o####.#
#.#...).# .#
##.......# .##
.........# ##..#####
##......####........
#........##<.......
....................
#...................


You could see a worm, an orc priest, an adder and 2 orcs.

Vanquished Creatures
  An adder (D:2)
  7 gnolls (D:2)
  2 worms (D:2)
  A dart slug (D:2)
  An orc (D:3)
  4 bats
  4 endoplasms
  2 goblins
  A hobgoblin (D:1)
  5 kobolds
  3 quokkas
  3 ball pythons
  5 frilled lizards
  2 rats
41 creatures vanquished.

Notes
Turn   | Place    | Note
-------+----------+-------------------------------------------
     0 | D:1      | LeprechaunX the Octopode Shapeshifter began the quest for
                  | the Orb.
     0 | D:1      | Reached XP level 1. HP: 13/13 MP: 1/1
   114 | D:1      | Reached XP level 2. HP: 18/18 MP: 2/2
   918 | D:2      | Found a faded altar of an unknown god.
  1172 | D:2      | Reached XP level 3. HP: 3/23 MP: 3/3
  1261 | D:2      | Reached XP level 4. HP: 19/29 MP: 4/4
  1404 | D:2      | Identified the +8 long sword of Paper {heavy, rC+ Int+2
                  | Dex+2}
  1733 | D:2      | Reached skill level 4 in Shapeshifting
  1733 | D:2      | Reached XP level 5. HP: 34/34 MP: 5/5
  1875 | D:3      | HP: 1/34 [orc/+0 trident (5)]
  1875 | D:3      | Mangled by an orc

Illustrated notes

Levels and vault maps discovered:
D:1:      minmay_arrival_glassed_features, layout_basic
D:2:      layout_basic, basic_ecumenical_altar
D:3:      layout_rooms, kennysheep_orc_sif_temple, nicolae_uskayaw_en_pointe,
          mainiacjoe_overflow_small_starburst, lemuel_doored_altar,
          dk_vineyard_2

Skill      XL: |  1  2  3  4 |
---------------+-------------+-----
Fighting       | 2 |  2.1
Shapeshifting  | 4 |  4.0
Long Blades    | |  0.4
Dodging        | |  2.7
Unarmed Combat | |  3.6

Action                     |  1- 3 |  4- 6 || total
---------------------------+-------+-------++-------
  Melee: Unarmed           |    47 |    15 ||    62
         Constrict         |    11 |     7 ||    18
         Tentacles         |     8 |     4 ||    12
         Long sword        |       |    16 ||    16
    Use: Potion            |     1 |       ||     1
   Stab: Sleeping          |     7 |     3 ||    10
 Armour: Skin              |    21 |    15 ||    36
  Dodge: Dodged            |    25 |    20 ||    45

Table legend: (Time is in decaauts)
 A = Elapsed time spent in this place.
 B = Non-inter-level travel time spent in this place.
 C = Inter-level travel time spent in this place.
 D = Time resting spent in this place.
 E = Time spent auto-exploring this place.
 F = Levels seen in this place.
 G = Mean time per level.
                   A        B        C        D        E       F      G
               +--------+--------+--------+--------+--------+-----+--------+
         Total |   1885 |   1761 |    124 |     68 |   1420 |   3 |  628.3 |
       Dungeon |   1885 |   1761 |    124 |     68 |   1420 |   3 |  628.3 |
               +--------+--------+--------+--------+--------+-----+--------+

Top non-repeatable levels by time:
     D:2: 1161 daAuts
     D:1: 701 daAuts
     D:3: 22 daAuts
